 Dungeon Crawl Stone Soup version 0.21-a0-55-gb612c23 (webtiles) character file.

1354 Kidiri the Thaumaturge (level 8, -11/44 HPs)
             Began as a Deep Elf Fire Elementalist on June 14, 2017.
             Was an Initiate of Vehumet.
             Engulfed by a cloud of flame (18 damage)
             ... on level 5 of the Dungeon on June 15, 2017.
             The game lasted 00:36:24 (5573 turns).

Kidiri the Thaumaturge (Deep Elf Fire Elementalist) Turns: 5573, Time: 00:36:24

Health: -11/44     AC:  8    Str:  3    XL:     8   Next: 37%
Magic:  0/22       EV: 14    Int: 25    God:    Vehumet [......]
Gold:   131        SH:  0    Dex: 15    Spells: 6/24 levels left

rFire    . . .     SeeInvis .   l - +1 dagger
rCold    . . .     Gourm    .   (no shield)
rNeg     + . .     Faith    .   u - +1 robe {MR+}
rPois    .         Spirit   .   t - +0 helmet
rElec    .         Reflect  .   v - +0 cloak
rCorr    .         Harm     .   (no gloves)
MR       +....                  g - +0 pair of boots
Stlth    ++........             (no amulet)
HPRegen  0.14/turn              s - +2 ring of intelligence
MPRegen  0.18/turn              e - ring of positive energy

@: no status effects
A: talons 1, slimy green scales 1, mutation resistance 1, weak 1
a: Renounce Religion


You were on level 5 of the Dungeon.
You worshipped Vehumet.
Vehumet was noncommittal.
You were hungry.

You visited 2 branches of the dungeon, and saw 6 of its levels.
You also visited: Sewer.

You collected 131 gold pieces.

Inventory:

Hand Weapons
 l - a +1 dagger (weapon)
Armour
 g - a +0 pair of boots (worn)
 n - a +0 leather armour
 t - a +0 helmet (worn)
 u - a +1 robe of magic resistance (worn)
 v - a +0 cloak (worn)
 y - a +0 shield
Jewellery
 a - an uncursed amulet of faith
 e - a ring of positive energy (right hand)
 s - a +2 ring of intelligence (left hand)
Scrolls
 i - 2 scrolls of recharging
 w - a scroll of fear
 x - 2 scrolls of fog
 B - a scroll of teleportation
 C - a scroll of remove curse
Potions
 d - 2 potions of flight {unknown}
 f - a potion of resistance {unknown}
 h - 3 potions of curing {unknown}
 k - 3 potions of cancellation {unknown}
 m - 2 potions of heal wounds {unknown}
 o - 2 potions of brilliance
 r - 2 potions of haste {unknown}
 z - 2 potions of might {unknown}
Books
 b - a book of Flames

   Spells                             Type                      Level
   a - Flame Tongue                   Conjuration/Fire             1
   b - Throw Flame                    Conjuration/Fire             2
   c - Conjure Flame                  Conjuration/Fire             3
   d - Inner Flame                    Hexes/Fire                   3
   e - Sticky Flame                   Conjuration/Fire             4
   f - Fireball                       Conjuration/Fire             5
Comestibles
 c - 4 bread rations
 j - 2 fruits
 p - a royal jelly
 q - a meat ration


   Skills:
 + Level 2.0 Fighting
 + Level 2.3 Short Blades
 + Level 1.7 Armour
 + Level 3.8 Dodging
 - Level 2.4 Stealth
 + Level 0.7 Shields
 * Level 8.7 Spellcasting
 + Level 4.7 Conjurations
 + Level 5.5 Fire Magic


You had 6 spell levels left.
You knew the following spells:

 Your Spells              Type           Power        Failure   Level  Hunger
a - Flame Tongue          Conj/Fire      #####        1%          1    None
b - Throw Flame           Conj/Fire      #####.       1%          2    None
c - Conjure Flame         Conj/Fire      #####...     1%          3    None
d - Inner Flame           Hex/Fire       ###.....     5%          3    None
e - Sticky Flame          Conj/Fire      #####...     7%          4    ##.....
f - Fireball              Conj/Fire      #####.....   19%         5    ####...


Dungeon Overview and Level Annotations

Branches:
Dungeon (5/15)             Temple (1/1) D:4

Altars:
Ashenzari
Fedhas
Gozag
Hepliaklqana
Kikubaaqudgha
Makhleb
Nemelex Xobeh
Qazlal
Ru
Trog
Uskayaw
Vehumet
Wu Jian
Yredelemnul
Zin
The Shining One

Shops:
D:4 %

Annotations:
D:5 Dowan


Innate Abilities, Weirdness & Mutations

You have sharp toenails.
You are partially covered in slimy green scales. (AC +2)
You are somewhat resistant to further mutation.
You are weak. (Str -2)


Message History

Aiming: Flame Tongue
Press: ? - help, Shift-Dir - straight line, f/p - orc
Aim: an orc, wielding a falchion (moderately wounded, inner flame)
The flame tongue hits the orc.
The orc is almost dead.
Casting: Flame Tongue
Confirm with . or Enter, or press ? or * to list all spells.
Aiming: Flame Tongue
Press: ? - help, Shift-Dir - straight line, f/p - orc
Aim: an orc, wielding a falchion (almost dead, inner flame)
The flame tongue hits the orc.
The orc explodes!
The fiery explosion engulfs the ogre.
The ogre is almost dead.
The fiery explosion engulfs you!
Ouch! That really hurt!
* * * LOW HITPOINT WARNING * * *
Vehumet accepts your kill.
You are engulfed in blazing flames.
You die...

#......#..#
########
#........##
#......#.#
#.....##.#
#.#####e## ### #.#
##O# ###§§##
##..§§@##
#.......##
##.......##
##.......##
#........##
##.#.......#
##..........####.#
#................#
#...###.......####


You could see an ogre and Dowan.

Vanquished Creatures
  Prince Ribbit (D:5)
  Sigmund (D:3)
  Duvessa (D:5)
  The ghost of seren the Magician, an amateur DEWz (D:4)
  3 howler monkeys (D:4)
  2 hounds
  A bullfrog skeleton (D:4)
  Crazy Yiuf (D:3)
  An orc priest (D:3)
  2 iguanas
  An orc wizard (D:3)
  5 worker ants
  A hound skeleton (D:5)
  Robin (D:3)
  9 adders
  3 gnolls
  8 river rats
  An ooze (D:3)
  A worm (D:2)
  6 dart slugs
  3 leopard geckos
  15 orcs
  8 giant cockroaches
  19 goblins
  10 hobgoblins
  13 jackals
  5 kobolds
  A quokka (D:3)
  A ball python (D:4)
  4 bats
  13 frilled lizards
  15 rats
157 creatures vanquished.

Notes
Turn   | Place    | Note
-------+----------+-------------------------------------------
     0 | D:1      | Kidiri the Deep Elf Fire Elementalist began the quest for the Orb.
     0 | D:1      | Reached XP level 1. HP: 10/10 MP: 6/6
    63 | D:1      | You fall through a shaft!
    63 | D:2      | Found an ornate altar of the Wu Jian Council.
   171 | D:1      | Reached XP level 2. HP: 7/15 MP: 3/8
   175 | D:1      | Learned a level 2 spell: Throw Flame
   233 | D:1      | Reached skill level 4 in Spellcasting
   652 | D:1      | Reached XP level 3. HP: 19/19 MP: 5/10
   669 | D:1      | Learned a level 3 spell: Conjure Flame
   673 | D:1      | Learned a level 3 spell: Inner Flame
  1325 | D:2      | Found a hazy altar of Hepliaklqana.
  1350 | D:2      | Reached XP level 4. HP: 6/24 MP: 5/12
  1827 | D:3      | Noticed Robin
  1924 | D:3      | Reached skill level 5 in Spellcasting
  2058 | D:3      | Killed Robin
  2092 | D:3      | Learned a level 4 spell: Sticky Flame
  2274 | D:3      | Reached XP level 5. HP: 17/28 MP: 5/14
  2418 | D:3      | Noticed Sigmund
  2431 | D:3      | Killed Sigmund
  2431 | D:3      | Reached skill level 6 in Spellcasting
  2431 | D:3      | Reached XP level 6. HP: 31/32 MP: 6/17
  2506 | D:3      | Learned a level 5 spell: Fireball
  2979 | D:3      | Found a runed door.
  3228 | D:3      | Found an opulent altar of Gozag.
  3231 | D:3      | Found a shattered altar of Ashenzari.
  3234 | D:3      | Found a bloodstained altar of Trog.
  3304 | D:3      | Noticed Crazy Yiuf
  3313 | D:3      | Killed Crazy Yiuf
  3431 | D:4      | Reached skill level 7 in Spellcasting
  3438 | D:4      | Found Metiotzu's Food Shoppe.
  3470 | D:4      | Reached XP level 7. HP: 31/36 MP: 11/19
  3476 | D:4      | Reached skill level 1 in Short Blades
  3476 | D:4      | Reached skill level 1 in Armour
  3483 | D:4      | Reached skill level 5 in Fire Magic
  3738 | D:4      | Noticed seren's ghost (amateur DEWz)
  3740 | D:4      | Killed seren's ghost
  3747 | D:4      | Found a glowing drain.
  3770 | Sewer    | Entered a sewer
  4089 | Sewer    | Reached skill level 1 in Fighting
  4217 | D:4      | Found a staircase to the Ecumenical Temple.
  4245 | Temple   | Entered the Ecumenical Temple
  4247 | Temple   | Gained mutation: You are weak. (Str -2) [potion of mutation]
  4247 | Temple   | Gained mutation: You are partially covered in slimy green scales. (AC +2) [potion of mutation]
  4247 | Temple   | Gained mutation: You have sharp toenails. [potion of mutation]
  4247 | Temple   | Gained mutation: You are somewhat resistant to further mutation. [potion of mutation]
  4374 | Temple   | Became a worshipper of Vehumet
  4484 | D:4      | Reached skill level 8 in Spellcasting
  5108 | D:5      | Entered Level 5 of the Dungeon
  5210 | D:5      | Reached XP level 8. HP: 43/43 MP: 19/22
  5313 | D:5      | Noticed Prince Ribbit
  5327 | D:5      | Killed Prince Ribbit
  5486 | D:5      | Noticed Duvessa
  5492 | D:5      | Noticed Dowan
  5521 | D:5      | Killed Duvessa
  5573 | D:5      | Engulfed by a cloud of flame

Vault maps used:
D:1:      eino_arrival_water_cross, supply_closet_lemuel,
          grunt_decor_mini_mirrors
D:2:      lemuel_crystal_altar, old_standard_altar
D:3:      grunt_temple_overflow_diamond, minivault_4, minmay_strange_pillars,
          minmay_misc_feat_x, uniq_sigmund, uniq_robin, uniq_crazy_yiuf_cottage
D:4:      temple_fountains, portal_sewer_entry_e, first_bread, serial_shops,
          shop_fountains
D:5:      nicolae_overflow_hidden_temple, uniq_prince_ribbit1, uniq_grinder,
          uniq_menkaure, uniq_duvessa
Temple:   jpeg_temple_clearing
Sewer:    sewer_co_cracked_pipes

Skill      XL: |  1  2  3  4  5  6  7  8 |
---------------+-------------------------+-----
Spellcasting   | 4 5 6 7 8 |  8.7
Conjurations   | 2 3 4 |  4.7
Fire Magic     | 4 5 |  5.5
Short Blades   | 2 |  2.3
Armour         | 1 |  1.7
Dodging        | 3 |  3.8
Fighting       | 1 2 |  2.0
Stealth        | |  2.4
Shields        | |  0.7

Action                   |  1- 3 |  4- 6 |  7- 9 || total
-------------------------+-------+-------+-------++-------
Melee: Dagger            |    19 |    18 |    22 ||    59
 Cast: Flame Tongue      |    61 |    88 |   107 ||   256
       Conjure Flame     |     1 |     6 |     2 ||     9
       Throw Flame       |     1 |     3 |     4 ||     8
       Inner Flame       |       |     2 |     5 ||     7
       Sticky Flame      |       |     3 |     8 ||    11
       Fireball          |       |       |     2 ||     2
  Use: Scroll            |     5 |     3 |     4 ||    12
       Potion            |       |       |     1 ||     1
 Stab: Sleeping          |     4 |     4 |     8 ||    16
  Eat: Chunk             |     1 |     7 |     7 ||    15
Armor: Robe              |     7 |    14 |    15 ||    36
Dodge: Dodged            |    26 |    31 |    51 ||   108
